| TOP OF THE 1ST |
|
Los Angeles Dodgers batting - Pitching for New York Mets : LHP Steve Kelly
|
|
Pitching: LHP Steve Kelly
|
|
|
Batting: SHB Shane Marcum
|
0-0: Foul Ball, location: 2F 0-1: Foul Ball, location: 2F 0-2: Ball 1-2: Ball 2-2: Foul Ball, location: 2F 2-2: Foul Ball, location: 2F 2-2: Fly out, F9 (Flyball, 9S, EV 93.1 MPH)
|
|
Batting: SHB Joel Baker
|
0-0: Foul Ball, location: 2F 0-1: SINGLE (Flyball, 9LS, EV 95.6 MPH)
|
|
Batting: RHB Clay Buchanan
|
0-0: Ball 1-0: Foul Ball, location: 2F 1-1: Ball 2-1: Fly out, F7 (Flyball, 78M, EV 87.5 MPH)
|
|
Batting: LHB Lirak Bazhunaishvili
|
0-0: Fly out, F7 (Line Drive, 78D, EV 98.1 MPH)
|
| Top of the 1st over - 0 runs, 1 hit, 0 errors, 1 left on base; Los Angeles 0 - New York 0 |
| BOTTOM OF THE 1ST |
|
New York Mets batting - Pitching for Los Angeles Dodgers : LHP Sam Zegarelli
|
|
Pitching: LHP Sam Zegarelli
|
|
|
Batting: SHB Nelle van den Berg
|
0-0: Called Strike 0-1: Ground out 6-3 (Groundball, 56, EV 83.8 MPH)
|
|
Batting: RHB Finn Ross
|
0-0: Foul Ball, location: 2F 0-1: Ground out 6-3 (Groundball, 4MD, EV 83.1 MPH)
|
|
Batting: SHB Sean Cook
|
0-0: Foul Ball, location: 2F 0-1: Ball 1-1: Ball 2-1: Ball 3-1: Fly out, F8 (Flyball, 78D, EV 95.6 MPH)
|
| Bottom of the 1st over - 0 runs, 0 hits, 0 errors, 0 left on base; Los Angeles 0 - New York 0 |
| TOP OF THE 2ND |
|
Los Angeles Dodgers batting - Pitching for New York Mets : LHP Steve Kelly
|
|
Batting: RHB Danny Dyer
|
0-0: Swinging Strike 0-1: Foul Ball, location: 2F 0-2: Ball 1-2: Strikes out swinging
|
|
Batting: LHB Juan Concepcion
|
0-0: Fly out, F8 (Flyball, 89D, EV 101.2 MPH)
|
|
Batting: RHB Tim Nettles
|
0-0: Ball 1-0: Foul Ball, location: 2F 1-1: Foul Ball, location: 2F 1-2: Foul Ball, location: 2F 1-2: Strikes out swinging
|
| Top of the 2nd over - 0 runs, 0 hits, 0 errors, 0 left on base; Los Angeles 0 - New York 0 |
| BOTTOM OF THE 2ND |
|
New York Mets batting - Pitching for Los Angeles Dodgers : LHP Sam Zegarelli
|
|
Batting: RHB Jeff Jank
|
0-0: SINGLE (Groundball, 56D, EV 97.5 MPH)
|
|
Batting: RHB Billy Walker
|
0-0: Ball Jeff Jank is caught stealing 2nd base 2-4 1-0: Ground out 6-3 (Groundball, 6, EV 81.2 MPH)
|
|
Batting: RHB Drtian Thaqi
|
0-0: Ball 1-0: Ball 2-0: Ball 3-0: Base on Balls
|
|
Batting: SHB Roberto Magne
|
0-0: Foul Ball, location: 2F 0-1: Ball 1-1: Ball 2-1: Fielders Choice at 2nd, 5-4 (Groundball, 5, EV 85.6 MPH)
|
| Bottom of the 2nd over - 0 runs, 1 hit, 0 errors, 1 left on base; Los Angeles 0 - New York 0 |
| TOP OF THE 3RD |
|
Los Angeles Dodgers batting - Pitching for New York Mets : LHP Steve Kelly
|
|
Batting: RHB Ben Mischnick
|
0-0: Ball 1-0: Ball 2-0: Foul Ball, location: 2F 2-1: Ball 3-1: Base on Balls
|
|
Batting: RHB Wing-kit Bu
|
0-0: Called Strike 0-1: Hit by Pitch Ben Mischnick to second
|
|
Batting: SHB Shane Marcum
|
0-0: Called Strike 0-1: Called Strike 0-2: Ball 1-2: Foul Ball, location: 2F 1-2: Foul Ball, location: 2F 1-2: Ball 2-2: Ball 3-2: Base on Balls Ben Mischnick to third Wing-kit Bu to second
|
|
Batting: SHB Joel Baker
|
0-0: Called Strike 0-1: Ball 1-1: SINGLE (Groundball, 5S, EV 70.0 MPH) (infield hit) Ben Mischnick scores Wing-kit Bu to third Shane Marcum to second
|
|
Pitching: RHP Andy Reinhardt
|
|
|
Batting: RHB Clay Buchanan
|
0-0: Called Strike 0-1: Swinging Strike 0-2: Foul Ball, location: 2F 0-2: Strikes out looking
|
|
Batting: LHB Lirak Bazhunaishvili
|
0-0: Called Strike 0-1: Foul Ball, location: 2F 0-2: Ball 1-2: Strikes out swinging
|
|
Batting: RHB Danny Dyer
|
0-0: Ball 1-0: Called Strike 1-1: Foul Ball, location: 2F 1-2: Ball 2-2: Strikes out looking
|
| Top of the 3rd over - 1 run, 1 hit, 0 errors, 3 left on base; Los Angeles 1 - New York 0 |
| BOTTOM OF THE 3RD |
|
New York Mets batting - Pitching for Los Angeles Dodgers : LHP Sam Zegarelli
|
|
Batting: SHB Javy Rosa
|
0-0: Foul Ball, location: 2F 0-1: Ball 1-1: Fly out, F8 (Flyball, 8RXD, EV 104.4 MPH)
|
|
Batting: LHB Fabiano Perrolas
|
0-0: Ball 1-0: Ball 2-0: DOUBLE (Line Drive, 7LD, EV 102.5 MPH)
|
|
Batting: SHB Nelle van den Berg
|
0-0: Ball 1-0: Ball 2-0: Foul Ball, location: 2F 2-1: Ground out U3 (Groundball, 34, EV 83.1 MPH) Fabiano Perrolas to third
|
|
Batting: RHB Finn Ross
|
0-0: Ball 1-0: Foul Ball, location: 2F 1-1: Swinging Strike 1-2: Ball 2-2: Foul Ball, location: 2F 2-2: Ground out 5-3 (Groundball, 56, EV 90.0 MPH)
|
| Bottom of the 3rd over - 0 runs, 1 hit, 0 errors, 1 left on base; Los Angeles 1 - New York 0 |
| TOP OF THE 4TH |
|
Los Angeles Dodgers batting - Pitching for New York Mets : RHP Andy Reinhardt
|
|
Pitching: RHP Ryan Wilson
|
|
|
Batting: LHB Juan Concepcion
|
0-0: Ball 1-0: Fly out, F7 (Flyball, 7S, EV 72.5 MPH)
|
|
Batting: RHB Tim Nettles
|
0-0: Called Strike 0-1: SINGLE (Groundball, 4MD, EV 101.2 MPH)
|
|
Batting: RHB Ben Mischnick
|
0-0: Grounds into double play, 4-6-3 (Groundball, 4, EV 89.4 MPH)
|
| Top of the 4th over - 0 runs, 1 hit, 0 errors, 0 left on base; Los Angeles 1 - New York 0 |
| BOTTOM OF THE 4TH |
|
New York Mets batting - Pitching for Los Angeles Dodgers : LHP Sam Zegarelli
|
|
Batting: SHB Sean Cook
|
0-0: Ball 1-0: Foul Ball, location: 2F 1-1: Ball 2-1: SOLO HOME RUN (Line Drive, 9D, EV 95.6 MPH), Distance : 370 ft
|
|
Batting: RHB Jeff Jank
|
0-0: Ball 1-0: Ball 2-0: Ball 3-0: Foul Ball, location: 2F 3-1: Base on Balls
|
|
Pitching: RHP Mike Zimmerly
|
|
|
Batting: RHB Billy Walker
|
0-0: Ball Jeff Jank steals 2nd base 1-0: Foul Ball, location: 2F 1-1: Ground out 6-3 (Groundball, 6, EV 83.8 MPH) Jeff Jank to third
|
|
Batting: RHB Drtian Thaqi
|
0-0: Foul Ball, location: 2F 0-1: Swinging Strike 0-2: Strikes out swinging
|
|
Batting: SHB Roberto Magne
|
0-0: Ground out 4-3 (Groundball, 4, EV 106.2 MPH)
|
| Bottom of the 4th over - 1 run, 1 hit, 0 errors, 1 left on base; Los Angeles 1 - New York 1 |
| TOP OF THE 5TH |
|
Los Angeles Dodgers batting - Pitching for New York Mets : RHP Ryan Wilson
|
|
Now at 1B: Josh Jones
|
|
|
Batting: RHB Wing-kit Bu
|
0-0: Ball 1-0: Ball 2-0: Foul Ball, location: 2F 2-1: Ball 3-1: Called Strike 3-2: Base on Balls
|
|
Batting: SHB Shane Marcum
|
0-0: SINGLE (Line Drive, 7S, EV 86.2 MPH) Wing-kit Bu to second
|
|
Batting: LHB Steve Pond
|
0-0: Foul Ball, location: 2F 0-1: Ball 1-1: Swinging Strike 1-2: DOUBLE (Flyball, 8RXD, EV 105.6 MPH) Wing-kit Bu scores Shane Marcum to third
|
|
Pinch Hitting: RHB Leonardo Nava
|
0-0: Foul Ball, location: 2F 0-1: Swinging Strike 0-2: Ball 1-2: Foul Ball, location: 2F 1-2: Ball 2-2: SINGLE (Line Drive, 78S, EV 95.6 MPH) Shane Marcum scores Steve Pond to third
|
|
Pinch Hitting: RHB Theo Schepers
|
0-0: Fly out, F8 (Flyball, 8LM, EV 86.9 MPH) Runner from 3rd tags up, SCORES, throw by CF
|
|
Pinch Hitting: RHB John Piccolo
|
0-0: Foul Ball, location: 2F 0-1: Called Strike 0-2: Foul Ball, location: 2F 0-2: Ball 1-2: Foul Ball, location: 2F 1-2: Strikes out swinging
|
|
Pinch Hitting: LHB Darrell Ortega
|
0-0: Foul Ball, location: 2F 0-1: Foul Ball, location: 2F 0-2: Ball 1-2: Ball 2-2: Strikes out swinging, 2-3 out at first.
|
| Top of the 5th over - 3 runs, 3 hits, 0 errors, 1 left on base; Los Angeles 4 - New York 1 |
| BOTTOM OF THE 5TH |
|
New York Mets batting - Pitching for Los Angeles Dodgers : RHP Mike Zimmerly
|
|
Pitching: RHP Joon-ho Rhee
|
|
|
Now at 1B: John Piccolo
|
|
|
Now at 2B: Theo Schepers
|
|
|
Now at SS: Leonardo Nava
|
|
|
Now in LF: Darrell Ortega
|
|
|
Now in CF: Wing-kit Bu
|
|
|
Now in RF: Stephen Van Raalte
|
|
|
Batting: SHB Javy Rosa
|
0-0: Called Strike 0-1: Ball 1-1: SINGLE (Line Drive, 8RS, EV 91.2 MPH)
|
|
Batting: LHB Fabiano Perrolas
|
0-0: Ball 1-0: Ball 2-0: Foul Ball, location: 2F 2-1: Ball 3-1: Called Strike 3-2: Foul Ball, location: 2F 3-2: Strikes out swinging Javy Rosa steals 2nd base (no throw) Batter strikes out.
|
|
Batting: SHB Nelle van den Berg
|
0-0: Called Strike 0-1: Ball 1-1: Fly out, F9 (Flyball, 9LS, EV 83.1 MPH)
|
|
Pinch Hitting: SHB Jason Larson
|
0-0: Called Strike 0-1: SINGLE (Groundball, 34S, EV 75.0 MPH) (infield hit) Javy Rosa to third
|
|
Batting: SHB Sean Cook
|
0-0: Ball 1-0: Ball 2-0: Ball 3-0: Called Strike 3-1: Swinging Strike 3-2: Foul Ball, location: 2F 3-2: SINGLE (Groundball, 6MD, EV 102.5 MPH) Javy Rosa scores Jason Larson to second Jason Larson to third
|
|
Batting: RHB Josh Jones
|
0-0: Foul Ball, location: 2F 0-1: Swinging Strike 0-2: SINGLE (Groundball, 6MS, EV 68.1 MPH) (infield hit) Jason Larson scores Sean Cook to second
|
|
Batting: RHB Billy Walker
|
0-0: Ball 1-0: Fielders Choice at 2nd, 6-4 (Groundball, 6, EV 85.0 MPH)
|
| Bottom of the 5th over - 2 runs, 4 hits, 0 errors, 2 left on base; Los Angeles 4 - New York 3 |
| TOP OF THE 6TH |
|
Los Angeles Dodgers batting - Pitching for New York Mets : RHP Ryan Wilson
|
|
Pitching: RHP Billy McIntyre
|
|
|
Now at 2B: Jordan Fairburn
|
|
|
Now in CF: Jason Larson
|
|
|
Batting: LHB Stephen Van Raalte
|
0-0: Ball 1-0: Called Strike 1-1: SINGLE (Line Drive, 34, EV 94.4 MPH)
|
|
Batting: RHB Ben Mischnick
|
0-0: Ball 1-0: Called Strike Stephen Van Raalte is caught stealing 2nd base 2-4 1-1: Swinging Strike 1-2: Foul Ball, location: 2F 1-2: Ball 2-2: Foul Ball, location: 2F 2-2: Ball 3-2: Strikes out swinging
|
|
Batting: RHB Wing-kit Bu
|
0-0: Foul Ball, location: 2F 0-1: Fly out, F7 (Flyball, 7LS, EV 86.2 MPH)
|
| Top of the 6th over - 0 runs, 1 hit, 0 errors, 0 left on base; Los Angeles 4 - New York 3 |
| BOTTOM OF THE 6TH |
|
New York Mets batting - Pitching for Los Angeles Dodgers : RHP Joon-ho Rhee
|
|
Pitching: RHP Nick Harmon
|
|
|
Batting: RHB Jordan Fairburn
|
0-0: Fly out, F9 (Line Drive, 9S, EV 96.2 MPH)
|
|
Pinch Hitting: LHB Kevin Bellman
|
0-0: Foul Ball, location: 2F 0-1: Ball 1-1: Ball 2-1: Foul Ball, location: 2F 2-2: Foul Ball, location: 2F 2-2: Foul Ball, location: 2F 2-2: Ball 3-2: Foul Ball, location: 2F 3-2: Foul Ball, location: 2F 3-2: Ground out 4-3 (Groundball, 4, EV 83.8 MPH)
|
|
Batting: SHB Javy Rosa
|
0-0: Ball 1-0: Called Strike 1-1: Ball 2-1: Ball 3-1: Foul Ball, location: 2F 3-2: Foul Ball, location: 2F 3-2: Foul Ball, location: 2F 3-2: Ground out 4-3 (Groundball, 4, EV 83.8 MPH)
|
| Bottom of the 6th over - 0 runs, 0 hits, 0 errors, 0 left on base; Los Angeles 4 - New York 3 |
| TOP OF THE 7TH |
|
Los Angeles Dodgers batting - Pitching for New York Mets : RHP Billy McIntyre
|
|
Pitching: RHP Robbie Beerbower
|
|
|
Now at 3B: Kevin Bellman
|
|
|
Batting: SHB Shane Marcum
|
0-0: Ball 1-0: Ball 2-0: Fly out, F8 (Flyball, 78D, EV 91.9 MPH)
|
|
Batting: LHB Steve Pond
|
0-0: Ball 1-0: Ball 2-0: Called Strike 2-1: Ball 3-1: Base on Balls
|
|
Batting: RHB Leonardo Nava
|
0-0: Swinging Strike 0-1: Ball 1-1: Ball 2-1: Foul Ball, location: 2F 2-2: Grounds into double play, 6-4-3 (Groundball, 6, EV 80.0 MPH)
|
| Top of the 7th over - 0 runs, 0 hits, 0 errors, 0 left on base; Los Angeles 4 - New York 3 |
| BOTTOM OF THE 7TH |
|
New York Mets batting - Pitching for Los Angeles Dodgers : RHP Nick Harmon
|
|
Pitching: RHP Balinda Msrah
|
|
|
Batting: LHB Fabiano Perrolas
|
0-0: Called Strike 0-1: Foul Ball, location: 2F 0-2: Fly out, F5 (Popup, 5F, EV 72.5 MPH)
|
|
Batting: SHB Nelle van den Berg
|
0-0: Called Strike 0-1: Ball 1-1: Foul Ball, location: 2F 1-2: Ball 2-2: Foul Ball, location: 2F 2-2: Foul Ball, location: 2F 2-2: SOLO HOME RUN (Flyball, 8RXD, EV 115.0 MPH), Distance : 449 ft
|
|
Batting: SHB Jason Larson
|
0-0: Ball 1-0: Fly out, F7 (Flyball, 78S, EV 76.9 MPH)
|
|
Batting: SHB Sean Cook
|
0-0: Called Strike 0-1: Ball 1-1: Ball 2-1: Foul Ball, location: 2F 2-2: Foul Ball, location: 2F 2-2: TRIPLE (Flyball, 9LD, EV 105.0 MPH)
|
|
Batting: RHB Josh Jones
|
0-0: Ball 1-0: Ground out 6-3 (Groundball, 6, EV 81.9 MPH)
|
| Bottom of the 7th over - 1 run, 2 hits, 0 errors, 1 left on base; Los Angeles 4 - New York 4 |
| TOP OF THE 8TH |
|
Los Angeles Dodgers batting - Pitching for New York Mets : RHP Robbie Beerbower
|
|
Pitching: RHP Alastair Henry
|
|
|
Batting: RHB Theo Schepers
|
0-0: Ground out 1-3 (Groundball, P, EV 63.1 MPH)
|
|
Batting: RHB John Piccolo
|
0-0: Called Strike 0-1: Ball 1-1: Ball 2-1: Foul Ball, location: 2F 2-2: Strikes out swinging
|
|
Batting: LHB Darrell Ortega
|
0-0: Ground out 4-3 (Groundball, 4, EV 91.9 MPH)
|
| Top of the 8th over - 0 runs, 0 hits, 0 errors, 0 left on base; Los Angeles 4 - New York 4 |
| BOTTOM OF THE 8TH |
|
New York Mets batting - Pitching for Los Angeles Dodgers : RHP Balinda Msrah
|
|
Pitching: RHP Santiago Montero
|
|
|
Batting: RHB Mike Phillips
|
0-0: Called Strike 0-1: Ball 1-1: Called Strike 1-2: Strikes out swinging
|
|
Batting: RHB Jordan Fairburn
|
0-0: Fly out, F8 (Flyball, 8RXD, EV 103.8 MPH)
|
|
Batting: LHB Kevin Bellman
|
0-0: Ball 1-0: Called Strike 1-1: Swinging Strike 1-2: Strikes out swinging
|
| Bottom of the 8th over - 0 runs, 0 hits, 0 errors, 0 left on base; Los Angeles 4 - New York 4 |
| TOP OF THE 9TH |
|
Los Angeles Dodgers batting - Pitching for New York Mets : RHP Alastair Henry
|
|
Pitching: RHP David Anzaldua
|
|
|
Batting: LHB Stephen Van Raalte
|
0-0: Ball 1-0: Swinging Strike 1-1: Foul Ball, location: 2F 1-2: Foul Ball, location: 2F 1-2: Foul Ball, location: 2F 1-2: Ball 2-2: Strikes out swinging
|
|
Batting: RHB Ben Mischnick
|
0-0: Ball 1-0: Ball 2-0: Called Strike 2-1: Foul Ball, location: 2F 2-2: Ball 3-2: Strikes out swinging
|
|
Batting: RHB Wing-kit Bu
|
0-0: Called Strike 0-1: Ground out 6-3 (Groundball, P, EV 85.6 MPH)
|
| Top of the 9th over - 0 runs, 0 hits, 0 errors, 0 left on base; Los Angeles 4 - New York 4 |
| BOTTOM OF THE 9TH |
|
New York Mets batting - Pitching for Los Angeles Dodgers : RHP Santiago Montero
|
|
Pitching: RHP Adonis Loyd
|
|
|
Batting: SHB Javy Rosa
|
0-0: Ball 1-0: Ground out 4-3 (Groundball, 34, EV 86.2 MPH)
|
|
Pinch Hitting: SHB Nelson Powell
|
0-0: Ball 1-0: Ball 2-0: Foul Ball, location: 2F 2-1: Ball 3-1: Foul Ball, location: 2F 3-2: Strikes out swinging, 2-3 out at first.
|
|
Batting: SHB Nelle van den Berg
|
0-0: Ball 1-0: Swinging Strike 1-1: Ball 2-1: Swinging Strike 2-2: Strikes out swinging
|
| Bottom of the 9th over - 0 runs, 0 hits, 0 errors, 0 left on base; Los Angeles 4 - New York 4 |
| TOP OF THE 10TH |
|
Los Angeles Dodgers batting - Pitching for New York Mets : RHP David Anzaldua
|
|
Pitching: LHP Sam Schrecengost
|
|
|
Now at C: Nelson Powell
|
|
|
Batting: SHB Shane Marcum
|
0-0: Swinging Strike 0-1: Ball 1-1: Ball 2-1: Foul Ball, location: 2F 2-2: Ball 3-2: Foul Ball, location: 2F 3-2: SINGLE (Groundball, 6MD, EV 96.2 MPH)
|
|
Batting: LHB Steve Pond
|
0-0: Ball 1-0: Called Strike 1-1: Foul Ball, location: 2F 1-2: Strikes out swinging
|
|
Batting: RHB Leonardo Nava
|
0-0: Ball 1-0: Fly out, F8 (Flyball, 8LXD, EV 92.5 MPH)
|
|
Batting: RHB Theo Schepers
|
0-0: Swinging Strike Pickoff Throw to First - Error! E1 Shane Marcum to second 0-1: Ball 1-1: Called Strike 1-2: Strikes out swinging
|
| Top of the 10th over - 0 runs, 1 hit, 1 error, 1 left on base; Los Angeles 4 - New York 4 |
| BOTTOM OF THE 10TH |
|
New York Mets batting - Pitching for Los Angeles Dodgers : RHP Adonis Loyd
|
|
Pitching: RHP Jon Schau
|
|
|
Batting: SHB Jason Larson
|
0-0: SINGLE (Line Drive, 9S, EV 103.8 MPH)
|
|
Batting: SHB Sean Cook
|
0-0: Ball 1-0: Called Strike 1-1: Foul Ball, location: 2F 1-2: Strikes out swinging
|
|
Batting: RHB Josh Jones
|
0-0: Foul Ball, location: 2F 0-1: Foul Ball, location: 2F 0-2: Ball 1-2: Ground out 5-3 (Groundball, 56S, EV 67.5 MPH) Jason Larson to second
|
|
Batting: RHB Mike Phillips
|
0-0: Called Strike 0-1: Ball 1-1: Ground out 5-3 (Groundball, 56, EV 80.0 MPH)
|
| Bottom of the 10th over - 0 runs, 1 hit, 0 errors, 1 left on base; Los Angeles 4 - New York 4 |
| TOP OF THE 11TH |
|
Los Angeles Dodgers batting - Pitching for New York Mets : LHP Sam Schrecengost
|
|
Pitching: LHP Chris Thurner
|
|
|
Batting: RHB John Piccolo
|
0-0: Called Strike 0-1: Foul Ball, location: 2F 0-2: Foul Ball, location: 2F 0-2: Foul Ball, location: 2F 0-2: Ball 1-2: Foul Ball, location: 2F 1-2: Fly out, F9 (Flyball, 89D, EV 100.6 MPH)
|
|
Batting: LHB Darrell Ortega
|
0-0: Ball 1-0: Ball 2-0: Called Strike 2-1: SINGLE (Groundball, 4M, EV 105.6 MPH) (infield hit)
|
|
Batting: LHB Stephen Van Raalte
|
0-0: Called Strike 0-1: Ball 1-1: Ball 2-1: Ball 3-1: Base on Balls Darrell Ortega to second
|
|
Pitching: RHP Casey Cuomo
|
|
|
Batting: RHB Ben Mischnick
|
0-0: Called Strike 0-1: Swinging Strike 0-2: Ball 1-2: Grounds into double play, 6-4-3 (Groundball, 6S, EV 83.8 MPH)
|
| Top of the 11th over - 0 runs, 1 hit, 0 errors, 1 left on base; Los Angeles 4 - New York 4 |
| BOTTOM OF THE 11TH |
|
New York Mets batting - Pitching for Los Angeles Dodgers : RHP Jon Schau
|
|
Pitching: RHP Kalititi Haki
|
|
|
Batting: RHB Jordan Fairburn
|
0-0: Swinging Strike 0-1: Foul Ball, location: 2F 0-2: Foul Ball, location: 2F 0-2: Ball 1-2: Foul Ball, location: 2F 1-2: Strikes out looking
|
|
Batting: LHB Kevin Bellman
|
0-0: Called Strike 0-1: Ball 1-1: Ball 2-1: Swinging Strike 2-2: Foul Ball, location: 2F 2-2: Ball 3-2: Base on Balls
|
|
Batting: SHB Javy Rosa
|
0-0: Ball 1-0: Ball 2-0: Called Strike 2-1: Foul Ball, location: 2F 2-2: Strikes out swinging
|
|
Batting: SHB Nelson Powell
|
0-0: Ball Kevin Bellman steals 2nd base (no throw) 1-0: Ball 2-0: Ball 3-0: Called Strike 3-1: Foul Ball, location: 2F 3-2: Base on Balls
|
|
Batting: SHB Nelle van den Berg
|
0-0: Called Strike 0-1: Called Strike 0-2: Ball 1-2: Strikes out swinging
|
| Bottom of the 11th over - 0 runs, 0 hits, 0 errors, 2 left on base; Los Angeles 4 - New York 4 |
| TOP OF THE 12TH |
|
Los Angeles Dodgers batting - Pitching for New York Mets : RHP Casey Cuomo
|
|
Batting: RHB Wing-kit Bu
|
0-0: Hit by Pitch
|
|
Batting: SHB Shane Marcum
|
0-0: Ball 1-0: Swinging Strike 1-1: Ball Wing-kit Bu is caught stealing 2nd base 2-6 2-1: Foul Ball, location: 2F 2-2: Foul Ball, location: 2F 2-2: Strikes out swinging
|
|
Batting: LHB Steve Pond
|
0-0: Called Strike 0-1: Foul Ball, location: 2F 0-2: Strikes out swinging
|
| Top of the 12th over - 0 runs, 0 hits, 0 errors, 0 left on base; Los Angeles 4 - New York 4 |
| BOTTOM OF THE 12TH |
|
New York Mets batting - Pitching for Los Angeles Dodgers : RHP Kalititi Haki
|
|
Pitching: RHP Bo Chia
|
|
|
Batting: SHB Jason Larson
|
0-0: Ball 1-0: Ball 2-0: SINGLE (Line Drive, 89M, EV 102.5 MPH)
|
|
Batting: SHB Sean Cook
|
0-0: Called Strike 0-1: Called Strike 0-2: Ball 1-2: Ball 2-2: Ball 3-2: Strikes out swinging
|
|
Batting: RHB Josh Jones
|
0-0: Ball Jason Larson steals 2nd base 1-0: Intentional Walk
|
|
Batting: RHB Mike Phillips
|
0-0: Called Strike 0-1: Ball 1-1: Swinging Strike 1-2: Grounds into double play, 4-6-3 (Groundball, 4, EV 86.2 MPH)
|
| Bottom of the 12th over - 0 runs, 1 hit, 0 errors, 1 left on base; Los Angeles 4 - New York 4 |
| TOP OF THE 13TH |
|
Los Angeles Dodgers batting - Pitching for New York Mets : RHP Casey Cuomo
|
|
Pitching: RHP Marc Maniu
|
|
|
Batting: RHB Leonardo Nava
|
0-0: Ball 1-0: Ball 2-0: DOUBLE (Line Drive, 78XD, EV 105.6 MPH)
|
|
Batting: RHB Theo Schepers
|
0-0: Foul Ball, location: 2F 0-1: Ball 1-1: Ball 2-1: Called Strike 2-2: SINGLE (Line Drive, 78S, EV 96.2 MPH) Leonardo Nava to third
|
|
Batting: RHB John Piccolo
|
0-0: Called Strike 0-1: Called Strike Theo Schepers steals 2nd base (no throw) 0-2: Fly out, F8 (Flyball, 8LM, EV 90.6 MPH) Runner from 3rd tags up, SCORES, throw by CF
|
|
Batting: LHB Darrell Ortega
|
0-0: Fly out, F5 (Popup, 5, EV 70.0 MPH)
|
|
Batting: LHB Stephen Van Raalte
|
0-0: Ball 1-0: Ball 2-0: Called Strike 2-1: SINGLE (Groundball, 4D, EV 108.1 MPH) Theo Schepers to third Runner from 3rd tries for Home, SAFE, throw by CF to home
|
|
Batting: RHB Ben Mischnick
|
0-0: Called Strike 0-1: SINGLE (Flyball, 5D, EV 88.1 MPH) Stephen Van Raalte to second
|
|
Batting: RHB Wing-kit Bu
|
0-0: Ball 1-0: Ball 2-0: SINGLE (Groundball, 56S, EV 71.2 MPH) (infield hit) Stephen Van Raalte to third Ben Mischnick to second
|
|
Batting: SHB Shane Marcum
|
0-0: Called Strike 0-1: Ground out 4-3 (Groundball, 4, EV 99.4 MPH)
|
| Top of the 13th over - 2 runs, 5 hits, 0 errors, 3 left on base; Los Angeles 6 - New York 4 |
| BOTTOM OF THE 13TH |
|
New York Mets batting - Pitching for Los Angeles Dodgers : RHP Bo Chia
|
|
Pitching: RHP Steve Mintz
|
|
|
Batting: RHB Jordan Fairburn
|
0-0: Ball 1-0: Called Strike 1-1: Ball 2-1: Foul Ball, location: 2F 2-2: Strikes out swinging
|
|
Batting: LHB Kevin Bellman
|
0-0: Foul Ball, location: 2F 0-1: Called Strike 0-2: Ground out 4-3 (Groundball, 4S, EV 78.1 MPH)
|
|
Batting: SHB Javy Rosa
|
0-0: TRIPLE (Line Drive, 7D, EV 110.0 MPH)
|
|
Batting: SHB Nelson Powell
|
0-0: SINGLE (Groundball, 4D, EV 97.5 MPH) Javy Rosa scores
|
|
Batting: SHB Nelle van den Berg
|
0-0: SINGLE (Line Drive, 7S, EV 98.8 MPH) Nelson Powell to second Runner from 2nd tries for 3rd, SAFE, throw by LF made to third
|
|
Batting: SHB Jason Larson
|
0-0: Fly out, F8 (Line Drive, 8RM, EV 91.2 MPH)
|
| Bottom of the 13th over - 1 run, 3 hits, 0 errors, 2 left on base; Los Angeles 6 - New York 5 |
|